 Dungeon Crawl Stone Soup version 0.28.0-53-g5a82cb258f (webtiles) character file.

Game seed: 4597349135014540081

25 NoAnimeNoLife the Skirmisher (level 2, 24/24 HPs)
             Began as a Demonspawn Fighter on June 3, 2022.
             Was a Follower of Dithmenos.
             Quit the game on level 1 of the Dungeon.
             The game lasted 00:01:44 (919 turns).

NoAnimeNoLife the Skirmisher (Demonspawn Fighter)    Turns: 919, Time: 00:01:44

Health: 24/24      AC:  6    Str: 16    XL:     2   Next: 82%
Magic:  2/2        EV:  8    Int:  9    God:    Dithmenos [*.....]
Gold:   18         SH:  4    Dex: 12    Spells: 1/1 levels left

rFire   . . .      SeeInvis .   a - +0 war axe
rCold   . . .      Faith    .   c - +0 buckler
rNeg    . . .      Spirit   .   b - +0 scale mail
rPois   .          Reflect  .   (no helmet)
rElec   .          Harm     .   (no cloak)
rCorr   .          Rampage  .   (no gloves)
Will    .....                   (no boots)
Stlth   ..........              (no amulet)
HPRegen 0.08/turn               (no ring)
MPRegen 0.08/turn               (no ring)

@: wreathed by umbra
A: weakness stinger 1
a: Renounce Religion


You were on level 1 of the Dungeon.
You worshipped Dithmenos.
Dithmenos was aware of your devotion.
You visited 1 branch of the dungeon, and saw 1 of its levels.

You collected 18 gold pieces.

Inventory:

Hand Weapons
 a - a +0 war axe (weapon)
Armour
 b - a +0 scale mail (worn)
 c - a +0 buckler (worn)
Scrolls
 f - a scroll of blinking {unknown}
 g - a scroll of brand weapon {unknown}
 i - a scroll of vulnerability {unknown}
 j - a scroll of immolation {unknown}
Potions
 d - a potion of might
 e - a potion of haste {unknown}
 h - a potion of mutation {unknown}
 k - a potion of attraction {unknown}


   Skills:
 - Level 3.2 Fighting
 + Level 2.2 Axes
 - Level 3.0 Armour
 - Level 3.0 Shields


You had one spell level left.
You didn't know any spells.
Your spell library contained the following spells:

 Spells                   Type           Power      Damage    Failure   Level
 Blink                    Tloc           0%         N/A       96%         2
 Lesser Beckoning         Tloc           0%         N/A       99%         3
 Manifold Assault         Tloc           0%         N/A       100%        5


Dungeon Overview and Level Annotations

Branches:
Dungeon (1/15)

Altars:
Dithmenos


Innate Abilities, Weirdness & Mutations

You have a small tail.


Message History

You see here a +0 club.
You see here a +0 hand axe.
You see here a +1 vampiric spear.
Okay, then.
You don't know any spells.
You aren't carrying any pieces of jewellery.
Nothing quivered!
Okay, then.
Found a stone staircase leading down.
k - an emerald potion No target in view!
No target in view!
Found a leather armour.
You see here a +0 leather armour.
A kobold comes into view. It is wielding a +0 short sword.
The kobold shouts!
The kobold throws a stone.
The stone hits you but does no damage.
A kobold is nearby!
The kobold throws a stone.
You block the stone.
The kobold hits you with a +0 short sword.
You hit the kobold.
You kill the kobold!
Dithmenos accepts your kill.
No target in view!
No target in view!
No target in view!
No target in view!
No target in view!
No target in view!
Things that are here:
a +0 short sword; 2 stones
Things that are here:
a +0 dagger; a stone
There is a stone staircase leading down here.
The golden eye turns its gaze towards you.
There is a stone staircase leading down here.
Done exploring.
Done exploring.
No target in view!
Are you sure you want to abandon this character and quit the game? (Confirm with "yes".)

#.# #.# ##.# #.# #.# #.####
###.# #.# #..... #...# #####.#
#####. #.#.# #.....# #| #.#.#
#####.##### #. ####.#.##
#...#.# #. #.......###.#.#.##
##
#.##......#.#.@..#############.
#.##........###............##.#
#.##.....###..)..#########.##.#
#.##......)#..#.## #......#
#.##.....#.#..#.# #####.#.###.
#...>...##....#.# #.....#.# ##
######.....##.#.####.#####.## #
#####.##.#.#........>..#
#.##.........####..#


There were no monsters in sight!

Vanquished Creatures
  A ball python (D:1)
  4 endoplasms (D:1)
  3 giant cockroaches (D:1)
  4 hobgoblins (D:1)
  2 bats (D:1)
  A frilled lizard (D:1)
  5 kobolds (D:1)
  3 rats (D:1)
23 creatures vanquished.

Notes
Turn   | Place    | Note
-------+----------+-------------------------------------------
     0 | D:1      | NoAnimeNoLife the Demonspawn Fighter began the quest for
                  | the Orb.
     0 | D:1      | Reached XP level 1. HP: 18/18 MP: 1/1
   226 | D:1      | Gained mutation: You have a small tail. [demonic ancestry]
   226 | D:1      | Reached XP level 2. HP: 24/24 MP: 2/2
   244 | D:1      | Noticed an eye of devastation
   246 | D:1      | Found a faded altar of an unknown god.
   250 | D:1      | Noticed a golden eye
   250 | D:1      | Noticed a great orb of eyes
   250 | D:1      | Noticed a floating eye
   260 | D:1      | Prayed at the altar of an unknown god.
   260 | D:1      | Became a worshipper of Dithmenos the Shadowed
   260 | D:1      | Reached * piety under Dithmenos
   919 | D:1      | Quit the game

Illustrated notes

Levels and vault maps discovered:
D:1:      dpeg_arrival_windows_large_door, layout_loops_ring,
          hellmonk_ecumenical_altar_watching_god, minmay_pentomino_v2

Skill      XL: |  1  2 |
---------------+-------+-----
Axes           | 2 |  2.2
Shields        | 3 |  3.0
Armour         | 3 |  3.0
Fighting       | |  3.2

Action                   || total
-------------------------++-------
Melee: War axe           ||    61
       Tailslap          ||     4
Armor: Scale mail        ||    29
Dodge: Dodged            ||    31
Block: Buckler           ||    15
